 Dungeon Crawl Stone Soup version 0.31-a0-233-g139696dc86 (webtiles) character file.

Game seed: 1730348327038988387

21 qw the Shooter (level 2, 0/17 HPs)
             Began as a Gargoyle Hexslinger on July 9, 2023.
             Shot with a sling bullet by a goblin (1 damage)
             ... led by Robin
             ... on level 2 of the Dungeon.
             The game lasted 00:00:16 (1237 turns).

qw the Shooter (Gargoyle Hexslinger)                Turns: 1237, Time: 00:00:16

Health: 0/17       AC:  7    Str: 11    XL:     2   Next: 83%
Magic:  3/3        EV: 10    Int: 13    God:
Gold:   17         SH:  0    Dex: 12    Spells: 2/3 levels left

rFire   . . .        Y - +1 sling
rCold   . . .        (no shield)
rNeg    + . .        d - +0 ring mail
rPois   inf          (no helmet)
rElec   +            (no cloak)
rCorr   .            (no gloves)
SInv    .            (no boots)
Will    .....        (no amulet)
Stlth   +            (no ring)
HPRegen 0.22/turn    (no ring)
MPRegen 0.08/turn

%: no passive effects
@: no status effects
A: sickness immunity, AC +2, negative energy resistance 1, electricity
resistance, torment resistance 1, petrification resistance
a: no special abilities


You were on level 2 of the Dungeon.
You visited 1 branch of the dungeon, and saw 2 of its levels.

You collected 17 gold pieces.


Innate Abilities, Weirdness & Mutations

You are immune to sickness and miasma.
Your stone body is resilient. (AC +2)
You are immune to poison.
You resist negative energy. (rN+)
You are resistant to electric shocks. (rElec)
You are resistant to unholy torment.
You are immune to petrification.


   Skills:
 + Level 1.7 Fighting
 - Level 3.0 Ranged Weapons
 - Level 1.5 Dodging
 - Level 1.0 Spellcasting
 - Level 2.6 Hexes


You had 2 spell levels left.
You knew the following spells:

 Your Spells              Type           Power      Damage    Failure   Level
a - Slow                  Hex            28%        N/A       22%         1

Your spell library contained the following spells:

 Spells                   Type           Power      Damage    Failure   Level
 Inner Flame              Hex/Fire       4%         N/A       75%         3
 Portal Projectile        Hex/Tloc       8%         N/A       75%         3
 Cause Fear               Hex            3%         N/A       92%         4

Inventory:

Hand Weapons
 Y - a +1 sling (weapon)
Armour
 c - a +0 helmet
 d - a +0 ring mail (worn)
Scrolls
 a - a scroll of teleportation {unknown}
Potions
 b - a potion of might {unknown}
 e - a potion of heal wounds {unknown}
 g - a potion of magic {unknown}

Dungeon Overview and Level Annotations

Branches:
Dungeon (2/15)

Altars:

Shops:
D:1 ?

Annotations:
D:2 Robin


Message History

Enter note: You shoot a sling bullet.
The sling bullet barely misses the goblin.
Robin of the Strong Arm comes into view.
They are wielding a +0 short sword.
You shoot a sling bullet.
The sling bullet closely misses the goblin.
Robin roars a battlecry!
The goblins go into a battle-frenzy!
A goblin comes into view. It is wielding a +0 dagger.
The goblin hits you with a +0 club. Robin throws the goblin at you!
You hear a shout!
1232 ||| Stepping ~*~*~tactically~*~*~ (outnumbered).
The goblin attacks as you move away! The goblin hits you with a +0 club.
The goblin hits you with a +0 dagger.
Enter note:
Enter note:
Enter note:
Enter note: You shoot a sling bullet.
The sling bullet closely misses the goblin.
The goblin closely misses you. The goblin hits you with a +0 dagger.
You shoot a sling bullet.
The sling bullet hits the goblin but does no damage.
The goblin barely misses you.
The goblin hits you but does no damage. x2
You shoot a sling bullet.
The sling bullet closely misses the goblin.
The sling bullet closely misses the hobgoblin.
The goblin closely misses you. The goblin hits you but does no damage.
The goblin barely misses you. The goblin hits you with a +0 club.
You shoot a sling bullet.
The sling bullet closely misses the goblin.
The goblin hits you but does no damage. x3; The hobgoblin barely misses you.
The goblin unwields a +0 club.
The goblin wields a +0 sling.
The goblin shoots a sling bullet.
The sling bullet hits you.
You shoot a sling bullet.
The sling bullet hits the goblin but does no damage.
The goblin hits you but does no damage. The hobgoblin hits you.
The goblin closely misses you. The goblin hits you but does no damage.
The goblin shoots a sling bullet.
The sling bullet hits you.
You die...

######.# #...# .......##
#..)#
#####...#######...#####.
#####.#.................
...##................)..
##.##.................(.
.......########...#####.
.......# #...# .#.#.#.#
#g@g# .......# #gg.#
..##.#.#


#...gg.gggg ..##.#.# #..#######. .......# #..# #.###### ##.# #.# #.# ..# ..# ###
#. You could see 2 hobgoblins and 4 goblins.

Vanquished Creatures
  2 endoplasms (D:1)
  A giant cockroach (D:1)
  2 goblins
  A hobgoblin (D:1)
  4 kobolds
  A ball python (D:1)
  2 bats
  5 frilled lizards (D:1)
  2 rats
20 creatures vanquished.

Notes
Turn   | Place    | Note
-------+----------+-------------------------------------------
     0 | D:1      | qw the Gargoyle Hexslinger began the quest for the Orb.
     0 | D:1      | Reached XP level 1. HP: 12/12 MP: 2/2
     0 | D:1      | 0 ||| qw: Version: 0.3-a-51-g015441d
     0 | D:1      | 0 ||| qw: Game counter: 4016
     0 | D:1      | 0 ||| qw: Melee chars always use a shield: true
     0 | D:1      | 0 ||| qw: God list: Okawaru
     0 | D:1      | 0 ||| qw: Allow faded altars: false
     0 | D:1      | 0 ||| qw: Do Orc after clearing Dungeon:15 true
     0 | D:1      | 0 ||| qw: Do second Lair branch before Depths: true
     0 | D:1      | 0 ||| qw: Lair rune preference: random
     0 | D:1      | 0 ||| qw: Goals: Normal
     0 | D:1      | 0 ||| PLANNING D:1-11
    46 | D:1      | Found Zossam's Magic Scroll Boutique.
    58 | D:1      | 58 ||| SHOPLISTING scroll of enchant armour (105 gold, have
                  | 0).
    58 | D:1      | 58 ||| SHOPLISTING scroll of identify (28 gold, have 0).
   188 | D:1      | Reached XP level 2. HP: 16/16 MP: 3/3
   449 | D:1      | Reached skill level 3 in Ranged Weapons
   880 | D:1      | 880 ||| UPGRADING to +0 ring mail.
   890 | D:1      | 890 ||| DROPPING +0 robe.
   891 | D:1      | 891 ||| READING scroll labelled FOIGO QAPNAD.
   892 | D:1      | 892 ||| READING scroll labelled MALASI QIOF.
   893 | D:1      | 893 ||| DROPPING scroll of poison.
  1230 | D:2      | Noticed Robin
  1232 | D:2      | 1232 ||| Stepping ~*~*~tactically~*~*~ (outnumbered).
  1236 | D:2      | HP: 2/17 [goblin/sling bullet[Robin] (4)]
  1237 | D:2      | Shot with a sling bullet by a goblin

Levels and vault maps discovered:
D:1:      dpeg_arrival_chambers_temple_mockup, layout_basic, serial_shops, shop,
          minmay_lizard_pond
D:2:      layout_loops_cross, minmay_distorted, uniq_jessica, uniq_robin

Skill      XL: |  1  2 |
---------------+-------+-----
Ranged Weapons | 3 |  3.0
Fighting       | |  1.7
Dodging        | |  1.5
Spellcasting   | |  1.0
Hexes          | |  2.6

Action                     || total
---------------------------++-------
   Fire: Sling             ||    47
    Use: Scroll            ||     2
 Armour: Ring mail         ||     9
         Robe              ||     1
  Dodge: Dodged            ||    11

Table legend:
 A = Non-vault XP
 B = Vault XP
 C = Vault XP percentage of total XP
 D = Non-vault monster count
 E = Vault monster count
 F = Vault count percentage of total count
                 A         B        C        D         E       F
            +---------+---------+-------+---------+---------+-------
      Total |      26 |       4 |  13.3 |      17 |       3 |  15.0
            +---------+---------+-------+---------+---------+-------
        D:1 |      21 |       2 |   8.7 |      14 |       2 |  12.5
        D:2 |       5 |       2 |  28.6 |       3 |       1 |  25.0
            +---------+---------+-------+---------+---------+-------
